 Dungeon Crawl Stone Soup version 0.21-a0-110-g8e1637b (webtiles) character file.

143 K808W the Ducker (level 5, 0/26 HPs)
             Began as a Spriggan Warper on July 9, 2017.
             Was an Initiate of Nemelex Xobeh.
             Slain by a gnoll
             ... wielding a +0 spear
              (10 damage)
             ... on level 3 of the Dungeon.
             The game lasted 00:05:18 (3180 turns).

K808W the Ducker (Spriggan Warper)                  Turns: 3180, Time: 00:05:18

Health: 0/26       AC:  3    Str:  7    XL:     5   Next: 4%
Magic:  10/10      EV: 20    Int: 15    God:    Nemelex Xobeh [......]
Gold:   99         SH:  0    Dex: 16    Spells: 2/9 levels left

rFire    . . .     SeeInvis +   a - +0 short sword
rCold    . . .     Gourm    .   (shield restricted)
rNeg     . . .     Faith    .   b - +0 robe
rPois    .         Spirit   .   i - +1 hat
rElec    .         Reflect  .   (no cloak)
rCorr    .         Harm     .   (gloves unavailable)
MR       .....                  (boots unavailable)
Stlth    ++........             (no amulet)
HPRegen  0.08/turn              (no ring)
MPRegen  0.12/turn              (no ring)

@: very quick
A: unfitting armour, see invisible, herbivore 3, speed 3, slow metabolism 2
a: Renounce Religion


You were on level 3 of the Dungeon.
You worshipped Nemelex Xobeh.
Nemelex Xobeh was noncommittal.
You were hungry.

You visited 1 branch of the dungeon, and saw 3 of its levels.

You collected 99 gold pieces.

Inventory:

Hand Weapons
 a - a +0 short sword (weapon)
Missiles
 e - 4 tomahawks of dispersal (quivered) {!f}
 h - a throwing net {!f}
Armour
 b - a +0 robe (worn)
 i - a +1 hat (worn)
Jewellery
 l - an uncursed amulet of faith {!P}
Wands
 u - a wand of paralysis (0/24)
Scrolls
 d - a scroll of blinking
 k - a scroll of amnesia
 n - a scroll of remove curse {unknown}
 q - a scroll of teleportation {unknown}
 s - a scroll of fear
 v - a scroll of magic mapping
Potions
 j - a potion of haste
 m - a potion of ambrosia {unknown}
 t - a potion of invisibility {unknown}
Books
 c - a book of Spatial Translocations

   Spells                             Type                      Level
   a - Blink                          Translocation                2
   b - Shroud of Golubria             Charms/Translocation         2
   c - Lesser Beckoning               Translocation                3
   d - Gell's Gravitas                Translocation                3
   e - Teleport Other                 Translocation                3
   f - Passage of Golubria            Translocation                4
 p - a book of Misfortune

   Spells                             Type                      Level
   a - Confusing Touch                Hexes                        1
   b - Confuse                        Hexes                        3
   c - Gell's Gravitas                Translocation                3
   d - Petrify                        Transmutation/Earth          4
   e - Metabolic Englaciation         Hexes/Ice                    5
   f - Yara's Violent Unravelling     Hexes/Transmutation          5
Comestibles
 f - 3 bread rations
 g - a royal jelly


   Skills:
 + Level 2.2 Fighting
 * Level 4.1 Short Blades
 - Level 1.0 Throwing
 + Level 4.7 Dodging
 + Level 2.9 Stealth
 - Level 2.6 Spellcasting
 - Level 4.4 Translocations


You had 2 spell levels left.
You knew the following spells:

 Your Spells              Type           Power        Failure   Level  Hunger
a - Teleport Other        Tloc           ###.....     10%         3    ###....
b - Blink                 Tloc           N/A          4%          2    ##.....
r - Shroud of Golubria    Chrm/Tloc      #.........   12%         2    ##.....


Dungeon Overview and Level Annotations

Branches:
Dungeon (3/15)

Altars:
Elyvilon
Nemelex Xobeh
Wu Jian


Innate Abilities, Weirdness & Mutations

You are very small and have problems with some larger weapons.
You are too small for most types of armour.
You have supernaturally acute eyesight. (SInv)
You are a herbivore.
You cover ground extremely quickly.
You need consume almost no food.


Message History

You kill the jackal!
Unknown command.
You cannot move.
Unknown command.
You start resting.
Your transformation is almost over.
You feel yourself slow down.
You start resting.
You feel less wooden.
Your +1 hat unmelds from your body.
Your +0 robe unmelds from your body.
You start resting.
Unknown command.
Unknown command.
A gnoll is nearby!
The gnoll shouts!
You see here a worker ant corpse.
You start resting.
The gnoll hits you from afar with a spear!
You die...
Your body disappears without a glow.

....#* ##.##..*....#..##***,,,,
..$..#####.....#*#......>######,*
........s...##.# **#.g...#)...,,*
......##....##.# #†).....#*****
.....:##....##.#####.#..(.#*
......##.....†.....)†#....#
......##...###.####.().)..#
......##...# #...###.#....#######
..>..####### ###@.#†.#...........
....#* ##.#.############. ####*
#.g.# ## #####


You could see a gnoll.

Vanquished Creatures
  A gnoll (D:3)
  2 adders (D:2)
  A worm (D:2)
  3 dart slugs (D:1)
  2 leopard geckos
  2 orcs (D:3)
  2 giant cockroaches
  A goblin (D:1)
  3 hobgoblins
  3 jackals
  A ball python (D:2)
  6 bats
  2 frilled lizards
  8 kobolds
  8 rats
45 creatures vanquished.

Vanquished Creatures (collateral kills)
  Ijyb (D:3)
  A worker ant (D:3)
  2 gnolls (D:3)
  2 adders (D:3)
  A hobgoblin (D:3)
  A jackal (D:3)
  A kobold (D:3)
  A rat (D:3)
10 creatures vanquished.

Grand Total: 55 creatures vanquished

Notes
Turn   | Place    | Note
-------+----------+-------------------------------------------
     0 | D:1      | K808W the Spriggan Warper began the quest for the Orb.
     0 | D:1      | Reached XP level 1. HP: 10/10 MP: 5/5
   210 | D:1      | Reached XP level 2. HP: 15/15 MP: 6/6
   370 | D:1      | Learned a level 2 spell: Blink
   373 | D:1      | Learned a level 2 spell: Shroud of Golubria
  1499 | D:2      | Reached XP level 3. HP: 16/18 MP: 6/8
  1520 | D:2      | Learned a level 3 spell: Teleport Other
  1587 | D:2      | Reached skill level 1 in Stealth
  2068 | D:2      | Found a sparkling altar of Nemelex Xobeh.
  2110 | D:2      | Became a worshipper of Nemelex Xobeh the Trickster
  2267 | D:2      | Received a gift from Nemelex Xobeh
  2298 | D:2      | Found an ornate altar of the Wu Jian Council.
  2650 | D:3      | Noticed Ijyb
  2662 | D:3      | Killed Ijyb
  2662 | D:3      | Reached XP level 4. HP: 23/23 MP: 9/9
  2724 | D:3      | Found a white marble altar of Elyvilon.
  3113 | D:3      | Reached XP level 5. HP: 10/26 MP: 10/10
  3180 | D:3      | Slain by a gnoll

Vault maps used:
D:1:      eino_arrival_cavern_b
D:2:      lemuel_coloured_pillars_altar, nemelex_xobeh_ov_fountains_minmay
D:3:      elyvilon_altar_1, roderic_serpentine_path, trog_butcher_becter,
          uniq_ijyb

Skill      XL: |  1  2  3  4 |
---------------+-------------+-----
Short Blades   | 3 4 |  4.1
Dodging        | 4 |  4.7
Fighting       | 2 |  2.2
Stealth        | 2 |  2.9
Throwing       | |  1.0
Spellcasting   | |  2.6
Translocations | |  4.4

Action                   |  1- 3 |  4- 6 || total
-------------------------+-------+-------++-------
Melee: Short sword       |   193 |    42 ||   235
Throw: Tomahawk          |     1 |       ||     1
 Cast: Shroud of Golubri |     5 |     2 ||     7
Evoke: Deck              |     4 |     1 ||     5
       Wand              |       |     3 ||     3
  Use: Scroll            |     2 |     2 ||     4
       Potion            |       |     2 ||     2
 Stab: Sleeping          |     3 |       ||     3
       Paralysed         |       |     1 ||     1
Armor: Robe              |    15 |     4 ||    19
       Skin              |       |    14 ||    14
Dodge: Dodged            |   171 |    24 ||   195
